Map: Newkirk Precinct TE (Void)

Players

Musumeci

  • Race: Zerg Zerg
  • League: Diamond
  • Spawn Location: 7:00

Nagashira - Winner!

  • Race: Zerg Zerg
  • League: Diamond
  • Spawn Location: 5:00

VOD

Have the link to the VOD?

Description

Time

  • Played on: Jan. 17, 2017, 1:35 p.m.
  • Length: 22:16
Show
View Real Time Build Order
Export as new Build Order

Musumeci Zerg 

Build Orders: Hatch First 

Get SALT Encoding   

  12  0:08  Drone  
  12  0:10  Drone  
  14  0:17  Overlord  
  14  0:30  Drone, Extractor  
  15  0:37  Drone  
  15  0:40  Drone  
  17  0:56  Hatchery  
  16  1:01  Drone, Extractor  
  17  1:04  Drone  
  17  1:19  Spawning Pool  
  17  1:22  Drone  
  17  1:26  Drone  
  18  1:36  Drone  
  19  1:46  Drone  
  19  2:06  Queen  
  19  2:08  Queen, Metabolic Boost  
  21  2:10  Drone  
  21  2:12  Drone  
  25  2:16  Drone  
  25  2:19  Drone  
  28  2:22  Zergling x2  
  28  2:30  Overlord  
  28  2:35  Baneling Nest  
  27  2:39  Zergling x2  
  28  2:57  Overlord  
  28  3:02  Drone  
  28  3:03  Drone x4  
  32  3:31  Drone  
  32  3:32  Drone x3  
  35  3:37  Zergling x4  
  35  3:38  Zergling x4  
  39  3:45  Evolution Chamber  
  38  3:52  Zergling x2  
  38  3:53  Zergling x4  
  41  4:04  Zergling x2  
  41  4:05  Zergling x2  
  41  4:08  Baneling x2  
  43  4:11  Hatchery  
  43  4:16  Zergling x4  
  44  4:38  Zerg Ground Armor Level 1  
  44  4:39  Overlord x2  
  44  4:46  Lair, Extractor  
  44  4:47  Drone  
  43  5:05  Drone x8  
  51  5:10  Extractor  
  43  5:55  Zergling x14  
  47  5:58  Queen  
  47  6:02  Zergling x10  
  54  6:11  Roach Warren  
  53  6:12  Drone x7  
  53  6:15  Baneling  
  58  6:19  Baneling x2  
  58  6:20  Zergling x2  
  58  6:21  Zergling x4  
  57  6:31  Zergling x10  
  56  6:44  Zergling x12  
  55  6:50  Baneling x2  
  55  6:53  Roach  
  55  6:54  Roach x2  
  57  7:15  Roach x2  
  60  7:22  Zerg Missile Weapons Level 1  
  59  7:40  Hatchery  
  59  7:43  Roach  
  58  7:51  Roach  
  59  7:54  Overlord x3  
  59  7:59  Zergling x2  
  59  8:10  Roach  
  54  8:17  Roach  
  54  8:18  Roach x10  
  72  8:20  Glial Reconstitution  
  72  8:24  Baneling  
  72  8:25  Baneling, Zergling x2  
  73  8:33  Drone x4  
  77  8:36  Extractor  
  76  8:43  Roach x2  
  79  9:02  Drone x3  
  81  9:08  Overlord x4  
  76  9:29  Drone x2  
  76  9:31  Drone x3  
  80  9:32  Drone x3  
  80  9:33  Drone x2  
  80  9:35  Zerg Missile Weapons Level 2  
  86  9:39  Drone  
  87  9:47  Drone  
  87  9:48  Queen, Drone x5  
  95  9:57  Tunneling Claws  
  95  10:00  Burrow  
  95  10:08  Roach x3  
  95  10:11  Drone x5  
  95  10:12  Extractor  
  105  10:16  Extractor  
  100  10:44  Roach  
  100  10:45  Roach x2  
  102  11:01  Roach x5  
  100  11:11  Roach x3  
  106  11:12  Overlord x4  
  106  11:28  Evolution Chamber  
  106  11:30  Evolution Chamber  
  106  11:31  Evolution Chamber x3  
  106  11:32  Evolution Chamber  
  100  11:34  Evolution Chamber  
  100  11:35  Roach x6  
  100  11:36  Roach x5, Evolution Chamber  
  120  11:47  Roach  
  120  11:48  Roach x7  
  136  11:55  Zerg Ground Armor Level 2  
  126  12:13  Ravager  
  126  12:14  Overseer x2  
  127  12:17  Roach x4  
  135  12:33  Roach  
  131  12:46  Roach x2  
  131  12:50  Roach  
  131  12:51  Roach  
  131  12:57  Roach x4  
  97  13:23  Roach x9  
  105  13:48  Roach x6  
  105  13:50  Queen  
  111  14:01  Overlord  
  111  14:02  Overlord x3  
  111  14:15  Roach x5  
  121  14:17  Overseer  
  121  14:18  Overlord x3  
  121  14:28  Roach x5  
  131  14:33  Roach x2  
  131  14:34  Roach x3, Extractor  
  131  14:35  Roach  
  131  14:36  Hatchery  
  129  14:46  Roach x5  
  137  14:56  Roach  
  137  14:57  Roach x4  
  117  15:10  Roach x8  
  90  15:44  Drone x11  
  101  16:12  Roach Warren  
  101  16:16  Infestation Pit  
  99  16:33  Roach x2  
  99  16:34  Roach x2  
  93  17:01  Roach  
  93  17:02  Roach x24  
  141  17:29  Roach x5  
  159  17:30  Roach x5  
  131  18:04  Roach x13  
  131  18:05  Roach x4  
  137  18:12  Roach x9  
  119  18:26  Roach x9  
  113  18:29  Roach x8  
  123  18:40  Roach x4  
  123  18:41  Extractor  
  122  18:44  Roach x4  
  122  18:46  Roach  
  114  18:51  Roach  
  114  18:53  Roach  
  94  19:00  Roach x10  
  94  19:01  Roach x2  
  94  19:25  Roach  
  94  19:26  Roach x3  
  104  19:52  Roach  
  104  19:53  Roach x8  
  104  19:54  Roach x4  
  104  19:57  Hatchery  
  119  20:05  Roach x16  
  103  20:20  Roach  
  103  20:21  Roach x9  
  109  20:37  Roach  
  109  20:38  Roach x5  
  94  21:06  Roach x3  
  100  21:12  Lair  
  100  21:21  Spawning Pool  
  99  21:43  Drone x3  
Show
View Real Time Build Order
Export as new Build Order

Nagashira Zerg - Winner!

Build Orders: Hatch First 

Get SALT Encoding   

  12  0:08  Drone  
  13  0:15  Overlord  
  13  0:21  Drone  
  14  0:33  Drone x2  
  16  0:41  Drone  
  17  0:58  Hatchery  
  17  1:01  Drone  
  17  1:04  Drone  
  17  1:05  Extractor  
  17  1:18  Spawning Pool  
  17  1:23  Drone  
  17  1:25  Drone  
  18  1:35  Overlord  
  18  2:00  Drone  
  19  2:05  Metabolic Boost  
  19  2:07  Queen  
  21  2:11  Queen  
  23  2:22  Drone x3  
  26  2:32  Drone x3  
  26  2:36  Drone  
  30  2:47  Queen  
  32  2:56  Queen  
  34  3:03  Drone x2  
  34  3:04  Overlord  
  36  3:20  Overlord x2  
  36  3:27  Evolution Chamber  
  36  3:28  Zergling x2  
  36  3:29  Evolution Chamber  
  36  3:30  Zergling x2  
  36  3:33  Extractor  
  35  3:38  Zergling x6  
  39  3:57  Baneling Nest  
  39  4:02  Drone x4  
  42  4:03  Drone, Zerg Ground Armor Level 1  
  42  4:04  Zerg Melee Weapons Level 1  
  43  4:24  Drone x2  
  43  4:25  Drone x5  
  43  4:27  Zergling x2  
  50  4:34  Lair, Extractor  
  49  4:46  Overlord  
  49  4:47  Overlord  
  49  4:48  Baneling  
  49  4:51  Hatchery  
  49  4:52  Baneling  
  44  5:13  Drone x2  
  46  5:14  Drone  
  46  5:17  Drone x3, Extractor x2  
  46  5:18  Drone x2  
  46  5:19  Drone  
  51  5:34  Zergling x2  
  51  5:35  Zergling x12  
  49  6:01  Queen  
  49  6:02  Zergling x8  
  49  6:03  Zergling x8  
  59  6:09  Drone x2  
  59  6:10  Zerg Melee Weapons Level 2  
  61  6:20  Hatchery  
  60  6:28  Drone x2  
  60  6:29  Drone x4  
  61  6:48  Drone  
  61  6:49  Drone x3  
  61  6:53  Zerg Ground Armor Level 2  
  65  7:00  Queen  
  65  7:03  Infestation Pit, Queen  
  64  7:09  Zergling x2  
  64  7:10  Zergling x8  
  64  7:13  Overlord x3  
  63  7:18  Zergling x2  
  64  7:24  Zergling x4  
  66  7:40  Zergling x2  
  66  7:41  Zergling x16  
  75  7:45  Hive  
  75  7:48  Pathogen Glands  
  71  7:53  Zergling x2  
  71  7:54  Zergling x6  
  72  8:13  Queen  
  74  8:20  Infestor  
  74  8:21  Infestor x3  
  82  8:44  Drone x2  
  82  8:45  Drone x6  
  90  8:49  Spine Crawler, Queen  
  90  8:51  Spine Crawler  
  86  9:00  Ultralisk Cavern  
  81  9:04  Overlord x2  
  81  9:08  Extractor  
  80  9:10  Burrow  
  80  9:11  Extractor  
  75  9:58  Ultralisk x6, Queen x6  
  109  10:40  Hatchery  
  108  10:54  Hatchery  
  95  11:13  Infestor x2  
  95  11:14  Infestor x2  
  95  11:18  Queen  
  105  11:28  Drone, Extractor  
  105  11:29  Drone, Extractor  
  105  11:30  Drone  
  105  11:31  Overlord x4  
  106  11:35  Overseer  
  106  11:38  Overseer  
  106  11:40  Overseer  
  106  11:47  Pneumatized Carapace  
  106  11:53  Queen  
  108  12:09  Zergling x8  
  108  12:10  Zergling x12  
  108  12:12  Chitinous Plating  
  108  12:14  Zerg Melee Weapons Level 3  
  95  13:16  Zergling x2  
  95  13:17  Zergling x22  
  92  13:34  Overseer  
  89  13:44  Drone x3  
  89  13:45  Drone x2  
  89  13:46  Drone x3  
  94  13:58  Zergling x2  
  94  13:59  Zergling x6  
  97  14:08  Overlord x3  
  97  14:17  Drone x2  
  98  14:18  Drone x2  
  98  14:19  Adrenal Glands  
  80  15:26  Zergling x2  
  80  15:27  Zergling x22  
  90  15:41  Zerg Ground Armor Level 3, Zerg Missile Weapons Level 1  
  90  15:54  Spine Crawler  
  90  15:55  Drone  
  90  15:56  Drone  
  91  16:00  Hatchery, Ultralisk x2  
  102  16:20  Overseer  
  102  16:34  Infestor x2  
  102  16:35  Infestor x3  
  102  16:37  Infestor  
  102  16:38  Infestor  
  115  17:20  Drone  
  115  17:21  Drone x12  
  111  17:52  Ultralisk x2  
  117  18:14  Ultralisk x2  
  123  18:30  Zergling x2  
  123  18:31  Zergling x26  
  121  19:00  Zergling x6  
  121  19:01  Zergling x16  
  132  19:20  Spine Crawler  
  132  19:23  Spine Crawler  
  129  19:26  Swarm Host x8  
  153  19:43  Zergling x14  
  160  19:50  Drone x5  
  153  20:23  Drone x2  
  153  20:24  Drone x3  
  153  20:25  Drone x6  
  153  20:28  Extractor  
  162  20:29  Extractor  
  160  20:44  Ultralisk  
  160  20:49  Hatchery  
  156  20:59  Zergling x22  
  156  21:00  Zergling x2  
  156  21:04  Overseer  
  166  21:21  Overlord  
  166  21:22  Overlord x4  
  166  21:53  Spine Crawler x3  
  163  21:56  Spine Crawler, Spore Crawler  
  163  21:57  Spine Crawler  
Tags
 
Add a new tag
Caveats
  • Supply blocks, unpowered buildings, or Contaminate may cause inaccurate times.
  • Supply counts are checked every 10 seconds.